 Dungeon Crawl Stone Soup version 0.32-a0-350-g4f4d228785 (webtiles) character file.

Game seed: 9834725891708757289

2426 BubbleThief the Basher (level 9, 0/82 HPs)
             Began as a Mountain Dwarf Fighter on Feb 17, 2024.
             Was an Initiate of Qazlal.
             Slain by kftrendy's ghost (6 damage)
             ... on level 6 of the Dungeon.
             The game lasted 00:08:39 (5688 turns).

BubbleThief the Basher (Mountain Dwarf Fighter)     Turns: 5688, Time: 00:08:39

Health: 0/82       AC: 14    Str: 22    XL:     9   Next: 24%
Magic:  18/18      EV:  8    Int: 10    God:    Qazlal [......]
Gold:   249        SH:  4    Dex:  9    Spells: 8/8 levels left

rFire   . . .        v - +2 flail (holy)
rCold   . . .        c - +0 buckler
rNeg    . . .        q - +3 chain mail
rPois   .            (no helmet)
rElec   .            (no cloak)
rCorr   .            y - +0 pair of gloves
SInv    .            u - +0 pair of boots
Will    .....        (no amulet) Stlth
                     r - ring of magical power
HPRegen 0.33/turn    (no ring)
MPRegen 0.16/turn

%: no passive effects
@: mighty
A: runic magic, artefact enchanting
a: Renounce Religion


You were on level 6 of the Dungeon.
You worshipped Qazlal.
Qazlal was noncommittal.
You visited 2 branches of the dungeon, and saw 7 of its levels.

You collected 319 gold pieces.
You spent 70 gold pieces at shops.

Inventory:

Hand Weapons
 v - a +2 flail of holy wrath (weapon)
Missiles
 i - 5 javelins (quivered)
Armour
 c - a +0 buckler (worn)
 q - a +3 chain mail (worn)
 u - a +0 pair of boots (worn)
 y - a +0 pair of gloves (worn)
Jewellery
 r - a ring of magical power (left hand)
 x - a +6 ring of strength
Wands
 a - a wand of flame (12)
 m - a wand of acid (11)
 o - a wand of mindburst (15)
Scrolls
 b - 3 scrolls of poison
 e - 3 scrolls of blinking
 j - 3 scrolls of fear
 k - a scroll of enchant weapon
 l - 8 scrolls of teleportation
 n - a scroll of vulnerability {unknown}
 p - 6 scrolls of identify {unknown}
 z - 2 scrolls of noise {unknown}
Potions
 f - 6 potions of attraction {unknown}
 g - 8 potions of curing {unknown}
 h - a potion of enlightenment {unknown}
 s - a potion of mutation {unknown}
 t - 2 potions of brilliance {unknown}
 w - 4 potions of haste {unknown}


   Skills:
 + Level 8.6 Fighting
 * Level 12.3 Maces & Flails
 - Level 3.2 Armour
 - Level 3.2 Shields


You had 8 spell levels left.
You didn't know any spells.
Your spell library contained the following spells:

 Spells                   Type           Power      Damage    Failure   Level
 Apportation              Tloc           0%         N/A       58%         1
 Foxfire                  Conj/Fire      0%         2x1d4     58%         1
 Necrotise                Necr           0%         1d4       58%         1
 Sandblast                Erth           0%         2d4       58%         1
 Sting                    Conj/Alch      0%         1d3       58%         1
 Summon Small Mammal      Summ           0%         N/A       58%         1
 Scorch                   Fire           0%         2d5       73%         2
 Passwall                 Erth           0%         N/A       91%         3
 Stone Arrow              Conj/Erth      0%         3d7       91%         3
 Brom's Barrelling Bould  Conj/Erth      0%         2d3       100%        4
 Flame Wave               Conj/Fire      0%         2d4       100%        4
 Plasma Beam              Fire/Air       0%         2x1d10    100%        6
 Starburst                Conj/Fire      0%         6d3       100%        6
 Summon Cactus Giant      Summ           0%         N/A       100%        6


Dungeon Overview and Level Annotations

Branches:
Dungeon (6/15)             Temple (1/1) D:6

Altars:
Ashenzari
Cheibriados
Dithmenos
Elyvilon
Fedhas
Gozag
Hepliaklqana
Kikubaaqudgha
Makhleb
Nemelex Xobeh
Okawaru
Qazlal
Ru
Sif Muna
Trog
Uskayaw
Vehumet
Wu Jian
Xom
Zin
The Shining One

Shops:
D:1 =   D:6 (([[?

Portals:
Abyss: D:6

Annotations:
D:6 1 transporter, kftrendy's ghost, novice MDFi


Innate Abilities, Weirdness & Mutations

Your spellcasting is much less encumbered by armour.
You can use scrolls of enchantment on lesser artefacts.


Message History

The small abomination attacks as it pursues you!
The small abomination hits you.
You feel very mighty all of a sudden.
You block the small abomination's attack.
Kftrendy's ghost hits you! Kftrendy's ghost freezes you.
Unknown command.
You thump kftrendy's ghost!
Kftrendy's ghost convulses!
Kftrendy's ghost is moderately damaged.
The small abomination hits you!
Kftrendy's ghost hits you but does no damage.
Unknown command.
You hit kftrendy's ghost but do no damage.
Kftrendy's ghost is moderately damaged.
The small abomination hits you but does no damage.
You barely miss kftrendy's ghost.
Kftrendy's ghost is moderately damaged.
Kftrendy's ghost hits you but does no damage.
The small abomination hits you!
You sock kftrendy's ghost!
Kftrendy's ghost convulses.
Kftrendy's ghost is heavily damaged.
The small abomination hits you!
* * * LOW HITPOINT WARNING * * *
Kftrendy's ghost hits you!
* * * LOW HITPOINT WARNING * * *
Kftrendy's ghost freezes you.
* * * LOW HITPOINT WARNING * * *
You closely miss kftrendy's ghost.
Kftrendy's ghost is heavily damaged.
The small abomination closely misses you.
Kftrendy's ghost hits you but does no damage.
Unknown command.
You thump kftrendy's ghost!
Kftrendy's ghost convulses!
Kftrendy's ghost is severely damaged.
The small abomination barely misses you.
Kftrendy's ghost barely misses you.
You barely miss kftrendy's ghost.
Kftrendy's ghost is severely damaged.
The small abomination hits you but does no damage.
Kftrendy's ghost hits you.
You die...

###.......#...........+.....# #.
####....#...........##....####.
#..............####..........
#............................
#............................
##........###..###..........##
#....###.##©####.##.......#.##
#....#.###...##.# #....##.#..#
#...©#.#...#x@W#..#....##.##..
#....##.#####..#^.##..........
####+....#..∩.#.###.#.##.....###.
.........##....##.#...##.....###.
..........##..(#..##©##......#...
...........#$.o##..###.......#.§.
...........#.#..#............#..§
.........###.#####...........#...
.........# o#.$. #####...........


You could see a small abomination and kftrendy's ghost.

Vanquished Creatures
  Pikel (D:6)
  Grinder (D:6)
  Edmund (D:4)
  A water moccasin (D:4)
  Duvessa (D:6)
  A black bear (D:6)
  2 ice beasts
  An ogre (D:5)
  2 phantoms
  3 scorpions
  Dowan (D:6)
  A howler monkey (D:6)
  2 jellies
  3 hounds
  Ijyb (D:4)
  4 iguanas
  2 orc wizards (D:4)
  8 adders
  A shadow imp (D:5)
  A white imp (D:5)
  2 ufetubi (D:6)
  2 dart slugs
  3 ribbon worms
  13 orcs
  6 ball pythons
  11 endoplasms
  10 giant cockroaches
  10 goblins
  8 hobgoblins
  11 jackals
  4 quokkas
  11 bats
  4 frilled lizards
  8 kobolds
  9 rats
150 creatures vanquished.

Vanquished Creatures (others)
  An orc wizard (D:4)
1 creature vanquished.

Grand Total: 151 creatures vanquished

Notes
Turn   | Place    | Note
-------+----------+-------------------------------------------
     0 | D:1      | BubbleThief the Mountain Dwarf Fighter began the quest for
                  | the Orb.
     0 | D:1      | Reached XP level 1. HP: 19/19 MP: 1/1
    81 | D:1      | Reached skill level 3 in Maces & Flails
    96 | D:1      | Reached XP level 2. HP: 26/26 MP: 2/2
   379 | D:1      | Reached XP level 3. HP: 30/33 MP: 3/3
   449 | D:1      | Found Laghoar's One-of-a-Kind Rings.
   646 | D:1      | Reached skill level 4 in Maces & Flails
   810 | D:2      | Reached XP level 4. HP: 33/40 MP: 4/4
  1036 | D:2      | Reached skill level 5 in Maces & Flails
  1333 | D:3      | Found a hide-covered altar of Uskayaw.
  1429 | D:3      | Reached XP level 5. HP: 47/47 MP: 5/5
  1694 | D:3      | Found a faded altar of an unknown god.
  2102 | D:4      | Noticed a phantom
  2102 | D:4      | Noticed an ice beast
  2144 | D:4      | Reached skill level 6 in Maces & Flails
  2354 | D:4      | Reached skill level 5 in Fighting
  2364 | D:4      | Killed a phantom
  2365 | D:4      | Reached XP level 6. HP: 49/56 MP: 6/6
  2541 | D:3      | Killed an ice beast
  2542 | D:3      | Reached skill level 7 in Maces & Flails
  2809 | D:4      | Reached XP level 7. HP: 48/62 MP: 7/7
  3054 | D:4      | Noticed Edmund
  3091 | D:4      | Killed Edmund
  3092 | D:4      | Reached skill level 8 in Maces & Flails
  3150 | D:4      | Found a sacrificial altar of Ru.
  3236 | D:4      | Noticed Ijyb
  3257 | D:4      | Killed Ijyb
  3736 | D:5      | Entered Level 5 of the Dungeon
  3785 | D:4      | Reached skill level 9 in Maces & Flails
  3825 | D:4      | Reached XP level 8. HP: 46/71 MP: 8/8
  4190 | D:5      | Found a hazy altar of Hepliaklqana.
  4387 | D:5      | Reached skill level 10 in Maces & Flails
  4565 | D:6      | Noticed Dowan
  4568 | D:6      | Found Feinulut's Antique Armour Shop.
  4568 | D:6      | Noticed Duvessa
  4581 | D:6      | Killed Duvessa
  4601 | D:6      | Killed Dowan
  4802 | D:6      | Found Fuor's Antique Armour Shop.
  4839 | D:6      | Found Loubaowuu's Magic Scroll Boutique.
  4839 | D:6      | Noticed Pikel
  4861 | D:6      | Killed Pikel
  4862 | D:6      | Reached skill level 11 in Maces & Flails
  4870 | D:6      | Reached XP level 9. HP: 67/81 MP: 9/9
  4909 | D:6      | Noticed Grinder
  4912 | D:6      | Killed Grinder
  4913 | D:6      | Reached skill level 12 in Maces & Flails
  4974 | D:6      | Bought a scroll of teleportation for 30 gold pieces
  4974 | D:6      | Bought a scroll of fear for 40 gold pieces
  5143 | D:6      | Found a staircase to the Ecumenical Temple.
  5150 | Temple   | Entered the Ecumenical Temple
  5158 | Temple   | Became a worshipper of Qazlal Stormbringer
  5175 | D:6      | Found a transporter.
  5180 | D:6      | Noticed kftrendy's ghost (novice MDFi)
  5181 | D:6      | Found a one-way gate to the infinite horrors of the Abyss.
  5181 | D:6      | Noticed an orange demon
  5200 | D:6      | Found a transporter.
  5275 | D:6      | Found Ylo Rour's Antique Weapon Boutique.
  5357 | D:6      | Found Atosae Bauh's Antique Weapon Shoppe.
  5688 | D:6      | Slain by kftrendy's ghost

Illustrated notes

Levels and vault maps discovered:
D:1:      evilmike_arrival_plus, layout_loops_cross, nicolae_shop_unique_rings,
          hangedman_abyss_or_decor_lesser_grid
D:2:      minmay_evil_eye, layout_basic
D:3:      layout_basic, nicolae_overflow_crystal_walls,
          shapermc_ecumenical_altar_mp_vishouse, chequers_garden,
          kennysheep_flooded_box
D:4:      layout_basic, nicolae_ru_great_annihilating_truth,
          nicolae_eternal_life, minmay_misc_feat_diagonals, minmay_door_square,
          minmay_joined_circles, uniq_edmund, uniq_ijyb
D:5:      layout_rooms, mainiacjoe_overflow_brackets, minmay_misc_feat_ornament
D:6:      layout_basic, minmay_temple_entry_purple_smoke, serial_shops, shop,
          shop_scrolls, shop, shop, shop, gammafunk_ghost_abyssal_escape,
          hangedman_abyss_or_decor_stabs, uniq_pikel, uniq_grinder, uniq_duvessa
Temple:   eino_narrow_crystal_temple

Skill      XL: |  1  2  3  4  5  6  7  8  9 |
---------------+----------------------------+-----
Maces & Flails | 3 4 5 6 7 9 11 12 | 12.3
Fighting       | 4 5 6 8 |  8.6
Armour         | |  3.2
Shields        | |  3.2

Action                     |  1- 3 |  4- 6 |  7- 9 || total
---------------------------+-------+-------+-------++-------
  Melee: Flail             |   113 |   221 |   271 ||   605
  Throw: Javelin           |       |       |     2 ||     2
    Use: Scroll            |       |       |     4 ||     4
         Potion            |       |       |     1 ||     1
   Stab: Paralysed         |       |       |     1 ||     1
 Armour: Scale mail        |    78 |    75 |       ||   153
         Chain mail        |       |   103 |   291 ||   394
  Dodge: Dodged            |    61 |    83 |   107 ||   251
  Block: Buckler           |    26 |    39 |    48 ||   113

Table legend: (Time is in decaauts)
 A = Elapsed time spent in this place.
 B = Non-inter-level travel time spent in this place.
 C = Inter-level travel time spent in this place.
 D = Time resting spent in this place.
 E = Time spent auto-exploring this place.
 F = Levels seen in this place.
 G = Mean time per level.
                   A        B        C        D        E       F      G
               +--------+--------+--------+--------+--------+-----+--------+
         Total |   5739 |   5566 |    173 |    505 |   3837 |   7 |  819.9 |
       Dungeon |   5723 |   5557 |    166 |    505 |   3837 |   6 |  953.8 |
        Temple |     16 |      9 |      7 |      0 |      0 |   1 |   16.0 |
               +--------+--------+--------+--------+--------+-----+--------+

Top non-repeatable levels by time:
     D:4: 1580 daAuts
     D:6: 1119 daAuts
     D:3: 1014 daAuts
     D:2: 695 daAuts
     D:1: 666 daAuts
     D:5: 645 daAuts
  Temple: 16 daAuts
